 Dungeon Crawl Stone Soup version 0.28-a0-691-gad6df49e81 (webtiles) character file.

Game seed: 9364110014001308205

120 siradein the Caller (level 4, -3/32 HPs)
             Began as a Demonspawn Summoner on Oct 21, 2021.
             Slain by an orc (10 damage)
             ... on level 3 of the Dungeon.
             The game lasted 00:19:19 (4397 turns).

siradein the Caller (Demonspawn Summoner)           Turns: 4397, Time: 00:19:19

Health: -3/32      AC:  9    Str:  9    XL:     4   Next: 75%
Magic:  7/8        EV:  7    Int: 17    God:
Gold:   184        SH:  0    Dex: 13    Spells: 0/9 levels left

rFire   + + .      SeeInvis .   c - +0 spear
rCold   x . .      Faith    .   (no shield)
rNeg    . . .      Spirit   .   n - +0 fire dragon scales
rPois   .          Reflect  .   e - +1 hat
rElec   .          Harm     .   (no cloak)
rCorr   .          Rampage  .   (no gloves)
Will    .....                   (no boots)
Stlth   ..........              (no amulet)
HPRegen 0.10/turn               (no ring)
MPRegen 0.11/turn               (no ring)

@: no status effects
A: demonic guardian 1, demonic magic 1, demonic touch 1
a: no special abilities


You were on level 3 of the Dungeon.
You visited 1 branch of the dungeon, and saw 3 of its levels.

You collected 184 gold pieces.

Inventory:

Hand Weapons
 c - a +0 spear (weapon)
Armour
 d - a +0 leather armour
 e - a +1 hat (worn)
 n - +0 fire dragon scales (worn)
Jewellery
 a - a ring of ice
Wands
 p - a wand of flame (20)
Scrolls
 b - 3 scrolls of identify {unknown}
 f - 3 scrolls of teleportation {unknown}
 g - a scroll of enchant armour {unknown}
 h - a scroll of amnesia {unknown}
 l - a scroll of silence {unknown}
Potions
 i - a potion of flight {unknown}
 j - a potion of haste {unknown}
 k - a potion of might {unknown}
 m - a potion of curing {unknown}
 o - a potion of brilliance {unknown}


   Skills:
 + Level 1.0 Fighting
 + Level 0.9 Polearms
 + Level 0.1 Armour
 + Level 2.2 Dodging
 - Level 1.7 Stealth
 + Level 3.2 Spellcasting
 + Level 4.8 Summonings


You couldn't memorise any spells.
You knew the following spells:

 Your Spells              Type           Power      Damage    Failure   Level
a - Summon Small Mammal   Summ           76%        N/A       30%         1
b - Call Imp              Summ           19%        N/A       43%         2
c - Call Canine Familiar  Summ           19%        N/A       67%         3
d - Summon Guardian Gole  Hex/Summ       10%        N/A       95%         3

Your spell library contained the following spells:

 Spells                   Type           Power      Damage    Failure   Level
 Stone Arrow              Conj/Erth      4%         3d7       100%        3
 Animate Armour           Summ/Erth      20%        N/A       100%        4
 Hailstorm                Conj/Ice       2%         3d3       100%        4
 Ice Form                 Ice/Tmut       2%         N/A       100%        4
 Summon Lightning Spire   Summ/Air       10%        N/A       100%        4
 Simulacrum               Ice/Necr       1%         N/A       100%        6
 Lehudib's Crystal Spear  Conj/Erth      1%         10d2      100%        8


Dungeon Overview and Level Annotations

Branches:
Dungeon (3/15)

Altars:
Elyvilon
Nemelex Xobeh
Zin

Shops:
D:1 *


Innate Abilities, Weirdness & Mutations

A weak demonic guardian rushes to your aid.
Spells you cast may paralyse adjacent enemies.
Your touch may inflict minor irresistible damage on your foes.


Message History

You barely miss the orc.
The orc is severely wounded.
The orc closely misses you.
The orc hits you with a +0 whip of electrocution.
The orc hits you but does no damage.
You closely miss the orc.
The orc is severely wounded.
The orc closely misses you. The orc hits you but does no damage.
You closely miss the orc. Your touch misses the orc.
The orc is severely wounded.
The orc hits you with a +0 whip of electrocution.
The orc hits you but does no damage.
You hit the orc.
You kill the orc!
The orc hits you but does no damage.
You are electrocuted!
Ouch! That really hurt!
You are too injured to fight recklessly!
You are too injured to fight recklessly!
You are too injured to fight recklessly!
You hit the orc.
You touch the orc.
The orc is almost dead.
The orc hits you but does no damage.
You closely miss the orc.
The orc is almost dead.
The orc hits you with a +0 whip of electrocution.
You closely miss the orc.
The orc is almost dead.
The orc barely misses you.
You closely miss the orc. Your touch misses the orc.
The orc is almost dead.
The orc barely misses you.
Casting: Call Imp (quite dangerous; 43% risk of failure)
Confirm with . or Enter, or press ? or * to list all spells.
Malevolent energies surge around you. The orc hits you but does no damage.
You are electrocuted!
* * * LOW HITPOINT WARNING * * *
You barely miss the orc.
The orc is severely wounded.
The orc hits you but does no damage.
You are electrocuted!
You die...

##################
################.................
...............o@r..............>
################.#############.#.
..... #.# #(#. .....
#######.#############.#. .....
........)..........#.... .....
#######.####.#..##.#..## .....
#.# #.#.......... ##### #.#
#.#...#.#.... #
###.####.#.#.#.#....


You could see an orc (ally target) and a friendly rat (summoned).

Vanquished Creatures
  An adder (D:2)
  3 orcs (D:3)
  2 ball pythons (D:1)
  3 bats
  3 endoplasms
  A giant cockroach (D:2)
  3 goblins (D:1)
  6 hobgoblins
  4 jackals (D:2)
  4 kobolds
  2 quokkas (D:2)
  3 frilled lizards
  9 rats
44 creatures vanquished.

Vanquished Creatures (collateral kills)
  An orc priest (D:3)
  2 adders (D:2)
  2 orcs (D:3)
  2 goblins
  3 hobgoblins
  A frilled lizard (D:1)
11 creatures vanquished.

Grand Total: 55 creatures vanquished

Notes
Turn   | Place    | Note
-------+----------+-------------------------------------------
     0 | D:1      | siradein the Demonspawn Summoner began the quest for the
                  | Orb.
     0 | D:1      | Reached XP level 1. HP: 13/13 MP: 3/3
   458 | D:1      | Found Amuupt's General Store.
   605 | D:1      | Found a faded altar of an unknown god.
   776 | D:1      | Gained mutation: Your touch may inflict minor irresistible
                  | damage on your foes. [demonic ancestry]
   776 | D:1      | Reached XP level 2. HP: 19/19 MP: 1/5
   779 | D:1      | Learned a level 2 spell: Call Imp
  1421 | D:2      | Gained mutation: Spells you cast may paralyse adjacent
                  | enemies. [demonic ancestry]
  1421 | D:2      | Reached XP level 3. HP: 24/24 MP: 4/7
  2348 | D:2      | Gained mutation: A weak demonic guardian rushes to your
                  | aid. [demonic ancestry]
  2348 | D:2      | Reached XP level 4. HP: 25/30 MP: 8/8
  2352 | D:2      | Learned a level 3 spell: Call Canine Familiar
  2356 | D:2      | Learned a level 3 spell: Summon Guardian Golem
  3855 | D:3      | Found a sparkling altar of Nemelex Xobeh.
  3855 | D:3      | Found a faded altar of an unknown god.
  3863 | D:3      | Found a faded altar of an unknown god.
  4345 | D:3      | Reached skill level 1 in Fighting
  4397 | D:3      | Slain by an orc

Illustrated notes

Levels and vault maps discovered:
D:1:      dpeg_arrival_ratfight, layout_loops_corners, basic_ecumenical_altar,
          serial_shops, nicolae_lakefront_shop, minmay_misc_feat_enclosed
D:2:      minmay_spotlight, layout_basic
D:3:      layout_basic, chequers_temple_overflow_minitemple

Skill      XL: |  1  2  3  4 |
---------------+-------------+-----
Dodging        | 2 |  2.2
Spellcasting   | 3 |  3.2
Fighting       | 1 |  1.0
Polearms       | |  0.9
Armour         | |  0.1
Stealth        | |  1.7
Summonings     | |  4.8

Action                   |  1- 3 |  4- 6 || total
-------------------------+-------+-------++-------
Melee: Unarmed           |    14 |       ||    14
       Spear             |   120 |    61 ||   181
       Touch             |    14 |     9 ||    23
 Cast: Summon Small Mamm |     5 |     1 ||     6
       Call Imp          |     5 |     8 ||    13
 Stab: Sleeping          |    11 |     1 ||    12
       Paralysed         |     4 |     3 ||     7
Armor: Leather armour    |    26 |     5 ||    31
       Fire dragon scale |       |    10 ||    10
Dodge: Dodged            |    70 |    20 ||    90

Table legend: (Time is in decaauts)
 A = Elapsed time spent in this place.
 B = Non-inter-level travel time spent in this place.
 C = Inter-level travel time spent in this place.
 D = Time resting spent in this place.
 E = Time spent auto-exploring this place.
 F = Levels seen in this place.
 G = Mean time per level.
                   A        B        C        D        E       F      G
               +--------+--------+--------+--------+--------+-----+--------+
         Total |   4412 |   4395 |     17 |    429 |   3296 |   3 | 1470.7 |
       Dungeon |   4412 |   4395 |     17 |    429 |   3296 |   3 | 1470.7 |
               +--------+--------+--------+--------+--------+-----+--------+

Top non-repeatable levels by time:
     D:3: 1777 daAuts
     D:2: 1347 daAuts
     D:1: 1288 daAuts
